 Dungeon Crawl Stone Soup version 0.17-a0-963-gaa5423c (webtiles) character file.

216 Githyanki the Skirmisher (level 5, 0/51 HPs)
             Began as a Deep Dwarf Fighter on May 8, 2015.
             Slain by a scorpion (4 damage)
             ... on level 4 of the Dungeon.
             The game lasted 00:21:00 (2179 turns).

Githyanki the Skirmisher (Deep Dwarf Fighter)       Turns: 2179, Time: 00:21:00

Health: 0/51       AC:  9    Str: 19    XL:     5   Next: 61%
Magic:  5/5        EV:  5    Int:  9    God:
Gold:   69         SH:  9    Dex: 13    Spells: 0 memorised, 4 levels left

rFire  . . .     SeeInvis .     a - +0 war axe
rCold  . . .     Clarity  .     g - +0 chain mail
rNeg   . . .     SustAb   .     c - +0 shield
rPois  .         Gourm    .     (no helmet)
rElec  .         Spirit   .     (no cloak)
rCorr  .         Warding  .     (no gloves)
rMut   .         Stasis   .     (no boots)
MR     .....                    (no amulet)
Stlth  ..........               (no ring)
                                (no ring)

@: non-regenerating, not resistant to hostile enchantments, extremely unstealthy
A: damage resistance, recharge devices, sense surroundings 1, slow healing 3
a: Device Recharging


You were on level 4 of the Dungeon.
You were hungry.

You visited 1 branch of the dungeon, and saw 4 of its levels.

You collected 69 gold pieces.

Inventory:

Hand weapons
 a - a +0 war axe (weapon)
Armour
 b - a +0 scale mail
 c - a +0 shield (worn)
 g - a +0 chain mail (worn)
Magical devices
 e - a wand of heal wounds (5)
Scrolls
 i - a scroll of identify {unknown}
 j - a scroll of amnesia {unknown}
 k - a scroll of fear {unknown}
 n - 2 scrolls of remove curse {unknown}
 o - 2 scrolls of recharging {unknown}
 r - a scroll of magic mapping {unknown}
Potions
 d - a potion of might
 h - a potion of brilliance
 l - 3 potions of flight
 q - a potion of mutation {unknown}
Comestibles
 f - 3 bread rations
 m - a slice of pizza
 p - a meat ration


   Skills:
 + Level 4.3 Fighting
 + Level 4.3 Axes
 - Level 3.4 Armour
 - Level 1.3 Dodging
 - Level 1.0 Stealth
 - Level 3.4 Shields


You had 4 spell levels left.
You didn't know any spells.

Dungeon Overview and Level Annotations

Branches:
Dungeon (4/15)
 Temple: D:4-7

Altars:
Ashenzari
Dithmenos
Kikubaaqudgha


Innate Abilities, Weirdness & Mutations

You are resistant to damage.
You can recharge devices by infusing magical energy.
You passively map a small area around you.
You do not heal naturally.


Message History

There is a stone staircase leading down here.
You climb downwards.
A scorpion comes into view.
Found a war axe.
Found a stone staircase leading down.
There is a stone staircase leading up here.
You closely miss the scorpion.
The scorpion stings you but does no damage.
You closely miss the scorpion. You block the scorpion's attack.
You closely miss the scorpion.
The scorpion stings you but does no damage.
The scorpion stings you!
* * * LOW HITPOINT WARNING * * *
You hit the scorpion.
The scorpion is lightly wounded.
The scorpion stings you.
* * * LOW HITPOINT WARNING * * *
You hit the scorpion.
The scorpion is heavily wounded.
The scorpion stings you.
You die...

#.##. , ##.#
#.#.. * #...#
#...#*
*#....#*##...*
* ......##...
, #........#*
, * #........#
*.
#....>.<##...#
* *
#...s@.....# *
#........### *
#.......#..#
##.....###..#
#....# #.)# ,
#..... * #..#*
...... * ....,
, * ...#.. ...
, , *


You could see a scorpion.

Vanquished Creatures
  An orc wizard (D:3)
  An orc priest (D:3)
  A worker ant (D:3)
  3 gnolls (D:2)
  2 adders (D:3)
  2 oozes
  2 worms (D:2)
  2 giant geckos (D:2)
  6 orcs (D:3)
  A ball python (D:3)
  2 bats
  4 giant cockroaches
  6 goblins
  9 hobgoblins
  10 jackals
  10 kobolds
  3 giant newts
  9 rats
74 creatures vanquished.

Notes
Turn   | Place    | Note
--------------------------------------------------------------
     0 | D:1      | Githyanki, the Deep Dwarf Fighter, began the quest for the Orb.
     0 | D:1      | Reached XP level 1. HP: 20/20 MP: 1/1
   237 | D:1      | Reached XP level 2. HP: 27/27 MP: 2/2
   319 | D:1      | Found an ancient bone altar of Kikubaaqudgha.
   881 | D:2      | Reached XP level 3. HP: 32/34 MP: 3/3
  1133 | D:2      | Found a shadowy altar of Dithmenos.
  1357 | D:2      | Reached XP level 4. HP: 28/44 MP: 4/4
  1427 | D:3      | Found a shattered altar of Ashenzari.
  1478 | D:3      | Reached skill level 1 in Dodging
  1551 | D:3      | Reached skill level 4 in Fighting
  1551 | D:3      | Reached skill level 1 in Stealth
  1592 | D:3      | Reached XP level 5. HP: 27/50 MP: 5/5
  2179 | D:4      | Slain by a scorpion

Action                   |  1- 3 |  4- 6 || total
-------------------------+-------+-------++-------
Melee: War axe           |   162 |   112 ||   274
  Use: Potion            |       |     4 ||     4
  Eat: Chunk             |     2 |     2 ||     4
